 Dungeon Crawl Stone Soup version 0.26.1-11-gd32895ea62 (webtiles) character file.

Game seed: 2361557157456447658

456 robloxmaster the Shield-Bearer (level 7, 0/44 HPs)
             Began as a Gargoyle Fighter on May 28, 2021.
             Slain by an ogre
             ... wielding a +0 giant spiked club
              (23 damage)
             ... on level 4 of the Dungeon.
             The game lasted 00:04:21 (2942 turns).

robloxmaster the Shield-Bearer (Gargoyle Fighter)   Turns: 2942, Time: 00:04:22

Health: 0/44       AC: 17    Str: 21    XL:     7   Next: 6%
Magic:  7/7        EV:  9    Int:  9    God:
Gold:   122        SH: 10    Dex: 15    Spells: 6/6 levels left

rFire    . . .     SeeInvis .   a - +0 war axe
rCold    . . .     Faith    .   c - +0 kite shield
rNeg     + . .     Spirit   .   q - +0 chain mail
rPois    ∞         Reflect  .   e - +2 helmet
rElec    +         Harm     .   (no cloak)
rCorr    .         Rampage  .   (no gloves)
Will     .....                  (no boots)
Stlth    ..........             (no amulet)
HPRegen  0.14/turn              l - +6 ring of dexterity
MPRegen  0.10/turn              d - +4 ring of evasion

@: no status effects
A: negative energy resistance 1, electricity resistance, unbreathing,
petrification resistance, miasma immunity, AC +4
a: no special abilities


You were on level 4 of the Dungeon.
You visited 1 branch of the dungeon, and saw 4 of its levels.

You collected 122 gold pieces.

Inventory:

Hand Weapons
 a - a +0 war axe (weapon)
Armour
 c - a +0 kite shield (worn)
 e - a +2 helmet (worn)
 q - a +0 chain mail (worn)
Jewellery
 d - a +4 ring of evasion (right hand)
 l - a +6 ring of dexterity (left hand)
 n - an uncursed ring of protection from cold
 o - an uncursed ring of magical power {unknown}
Wands
 s - a wand of random effects (21)
 u - a wand of acid (11)
Scrolls
 b - 2 scrolls of random uselessness {unknown}
 g - a scroll of identify
 i - 2 scrolls of enchant weapon {unknown}
 j - a scroll of immolation {unknown}
 m - 2 scrolls of teleportation
 p - a scroll of amnesia {unknown}
 r - a scroll of blinking {unknown}
 x - a scroll of enchant armour {unknown}
Potions
 f - a potion of heal wounds
 h - a potion of lignification
 k - a potion of resistance
 t - a potion of brilliance {unknown}
 v - a potion of berserk rage {unknown}
 w - a potion of haste {unknown}


   Skills:
 + Level 5.1 Fighting
 + Level 3.6 Axes
 + Level 5.0 Armour
 + Level 5.1 Shields


You had 6 spell levels left.
You didn't know any spells.
Your spell library was empty.

Dungeon Overview and Level Annotations

Branches:
Dungeon (4/15)
 Temple: D:4-7

Altars:
Uskayaw


Innate Abilities, Weirdness & Mutations

You are resistant to torment.
Your stone body is resilient. (AC +4)
You are immune to poison.
You resist negative energy. (rN+)
You are resistant to electric shocks. (rElec)
You can survive without breathing.
You are immune to petrification.
You are immune to miasma.


Message History

An ogre comes into view. It is wielding a +0 giant spiked club.
The ogre shouts!
An ogre is nearby!
An ogre is nearby!
An ogre is nearby!
Found a stone staircase leading up and a stone staircase leading down.
The ogre hits you with a +0 giant spiked club!!
Found a scroll labelled BUALY UTACUW and a hand axe.
You hit the ogre but do no damage. You block the ogre's attack.
You hit the ogre.
The ogre is lightly wounded.
You block the ogre's attack.
You barely miss the ogre.
The ogre is lightly wounded.
You block the ogre's attack.
You hit the ogre.
The ogre is moderately wounded.
The ogre hits you with a +0 giant spiked club!!
Ouch! That really hurt!
You die...

#.# #.# # #.# ##. ) #+#
## .### #... ##....
#.... ## ##.##.# #.....
##. ###...#.##......
####.. .>.......O......
+..... #.....@...<..?
####.. # ##.##.##......
##. ##.##.##.# #.... ##
#........# ... #
##.##.#### #+# #
#.#####.###.# #
###.##.......##..######
#
.........######.#......#
.###.###.#####.###.###.#


You could see an ogre.

Vanquished Creatures
  A phantom (D:4)
  A hound (D:4)
  An orc priest (D:3)
  2 orc wizards (D:4)
  Terence (D:2)
  Robin (D:2)
  5 adders
  4 gnolls
  2 oozes
  3 worms
  3 dart slugs
  3 leopard geckos
  4 orcs
  A ball python (D:1)
  6 giant cockroaches
  13 goblins
  15 hobgoblins
  6 jackals
  2 quokkas
  6 bats
  5 frilled lizards
  2 kobolds
  15 rats
102 creatures vanquished.

Vanquished Creatures (others)
  An orc wizard (D:4)
1 creature vanquished.

Grand Total: 103 creatures vanquished

Notes
Turn   | Place    | Note
-------+----------+-------------------------------------------
     0 | D:1      | robloxmaster the Gargoyle Fighter began the quest for the
                  | Orb.
     0 | D:1      | Reached XP level 1. HP: 14/14 MP: 1/1
    86 | D:1      | Reached XP level 2. HP: 19/19 MP: 2/2
   318 | D:1      | Reached XP level 3. HP: 23/23 MP: 3/3
   727 | D:2      | Noticed Robin
   885 | D:2      | Killed Robin
   886 | D:2      | Reached XP level 4. HP: 25/29 MP: 4/4
  1310 | D:2      | Reached XP level 5. HP: 30/33 MP: 5/5
  1340 | D:2      | Noticed Terence
  1348 | D:2      | Killed Terence
  1926 | D:3      | Found a hide-covered altar of Uskayaw.
  2397 | D:3      | Reached XP level 6. HP: 13/39 MP: 6/6
  2608 | D:4      | Noticed a phantom
  2656 | D:4      | Killed a phantom
  2657 | D:4      | Reached skill level 5 in Fighting
  2657 | D:4      | Reached skill level 5 in Armour
  2657 | D:4      | Reached skill level 5 in Shields
  2792 | D:4      | Reached XP level 7. HP: 42/44 MP: 7/7
  2942 | D:4      | Slain by an ogre

Illustrated notes

Levels and vault maps discovered:
D:1:      mrwooster_arrival_statue, layout_loops_ring
D:2:      layout_basic, uniq_robin, uniq_terence
D:3:      layout_loops_ring, eat_drink_and_be_merry_uskayaw
D:4:      layout_loops_corners, patterned_corridor

Skill      XL: |  1  2  3  4  5  6 |
---------------+-------------------+-----
Axes           | 2 3 |  3.6
Fighting       | 4 5 |  5.1
Shields        | 4 5 |  5.1
Armour         | 4 5 |  5.0

Action                   |  1- 3 |  4- 6 |  7- 9 || total
-------------------------+-------+-------+-------++-------
Melee: War axe           |    91 |   214 |     9 ||   314
  Use: Potion            |     1 |     2 |       ||     3
       Scroll            |       |     2 |       ||     2
Armor: Scale mail        |    58 |    34 |       ||    92
       Chain mail        |       |    82 |     3 ||    85
       Skin              |       |     4 |       ||     4
Dodge: Dodged            |    21 |    91 |     1 ||   113
Block: Kite shield       |    48 |   129 |     5 ||   182
